 Dungeon Crawl Stone Soup version 0.31-a0-459-gc8a9bf3d51 (webtiles) character file.

Game seed: 4863242186503946138

2958 Ethylacetat the Changeling (level 9, 0/46 (48) HPs)
             Began as a Vine Stalker Monk on Aug 4, 2023.
             Was an Elder of Ru.
             Slain by a wyvern (7 damage)
             ... on level 8 of the Dungeon.
             The game lasted 00:15:47 (5504 turns).

Ethylacetat the Changeling (Vine Stalker Monk)      Turns: 5504, Time: 00:15:47

HP:   0/46 (48)     AC:  2    Str: 15    XL:     9   Next: 81%
MP:   0/18          EV: 10    Int: 16    God:    Ru [****..]
Gold: 314           SH:  0    Dex: 20    Spells: 11/19 levels left

rFire   x .          .
                       - Unarmed
rCold   x . .        (no shield)
rNeg    . . .        k - +0 scale mail
rPois   .            (helmet currently unavailable)
rElec   .            (cloak currently unavailable)
rCorr   .            (gloves currently unavailable)
SInv    +            (boots currently unavailable)
Will    +....        o - amulet of the acrobat Stlth
                     j - ring of see invisible
HPRegen 1.07/turn    q - +6 ring of intelligence
MPRegen 0.16/turn

%: acrobat, guardian spirit
@: confused, lethally poisoned (0 -> 0), exhausted, beast-form, ambrosia-drunk,
corroded, lightly drained
A: beast (slay +4), fangs 3, regeneration 1, magic shield, antimagic bite, no
potion heal 2, inability to use devices, temperature sensitive
a: Begin Untransformation, Renounce Religion, Draw Out Power, Power Leap


You were on level 8 of the Dungeon.
You worshipped Ru.
Ru was greatly pleased with you.
You were a hulking beast.
You visited 1 branch of the dungeon, and saw 8 of its levels.

You collected 314 gold pieces.

Inventory:

Missiles
 w - 2 curare-tipped darts
Armour
 k - a +0 scale mail (worn)
 r - a +0 cloak
 y - a +1 robe of fire resistance
Jewellery
 j - a ring of see invisible (left hand)
 o - an amulet of the acrobat (around neck)
 q - a +6 ring of intelligence (right hand)
Talismans
 e - a beast talisman (active)
Scrolls
 a - a scroll of brand weapon {unknown}
 d - 7 scrolls of identify {unknown}
 f - 2 scrolls of revelation {unknown}
 g - 7 scrolls of teleportation {unknown}
 l - a scroll of amnesia {unknown}
 m - a scroll of noise {unknown}
 p - a scroll of enchant weapon {unknown}
 t - 2 scrolls of fear {unknown}
 u - a scroll of immolation {unknown}
 A - a scroll of enchant armour {unknown}
Potions
 b - a potion of ambrosia
 c - 2 potions of berserk rage {unknown}
 h - a potion of cancellation {unknown}
 i - a potion of might {unknown}
 n - 3 potions of heal wounds {unknown}
 s - 3 potions of magic {unknown}
 v - 2 potions of curing {unknown}
 x - a potion of haste {unknown}
 z - a potion of enlightenment {unknown}
 B - a potion of mutation {unknown}


   Skills:
 + Level 6.1 Fighting
 - Level 2.4 Dodging
 + Level 6.6 Unarmed Combat
 + Level 5.8 Spellcasting
 * Level 6.9 Shapeshifting


You had 11 spell levels left.
You knew the following spells:

 Your Spells              Type           Power      Damage    Failure   Level
a - Ignition              Fire           2%         3d3       100%        8

Your spell library contained the following spells:

 Spells                   Type           Power      Damage    Failure   Level
 Ensorcelled Hibernation  Hex/Ice        8%         N/A       65%         2
 Dazzling Flash           Conj/Hex       8%         N/A       87%         3
 Ignite Poison            Fire/Tmut/Pois 4%         N/A       87%         3
 Inner Flame              Hex/Fire       4%         N/A       87%         3
 Volatile Blastmotes      Fire/Tloc      8%         2d10      87%         3
 Anguish                  Hex/Necr       2%         N/A       99%         4
 Flame Wave               Conj/Fire      4%         2d5       99%         4
 Sticky Flame             Conj/Fire      4%         2d3       99%         4
 Alistair's Intoxication  Tmut/Pois      2%         N/A       100%        5
 Borgnjor's Vile Clutch   Necr/Erth      2%         N/A       100%        5
 Eringya's Noxious Bog    Tmut/Pois      2%         4d6       100%        6
 Starburst                Conj/Fire      2%         6d3       100%        6
 Maxwell's Capacitive Co  Air            2%         ∞         100%        8


Dungeon Overview and Level Annotations

Branches:
Dungeon (8/15)             Temple (0/1) D:7
   Lair: D:8-11

Altars:
Cheibriados
Fedhas
Ru
Uskayaw
Xom

Shops:
D:4 :   D:7 [


Innate Abilities, Weirdness & Mutations

You are a hulking beast.
Your limbs bulge with bestial killing power. (Slay +4)
You have razor-sharp teeth.
Your natural rate of healing is unusually fast.
When hurt, damage is shared between your health and your magic reserves.
Your bite disrupts and absorbs the magic of your enemies.
Potions cannot restore your health.
You cannot study or use magical devices.
You are sensitive to extremes of temperature. (rF-, rC-)


Message History

The kobold barely misses you.
You closely miss the acid dragon. You bite the acid dragon.
You drain its power.
You feel invigorated.
The acid dragon is severely wounded.
You feel sick.
The acid dragon begins to attack, but is stunned by your conviction!
You redirect the kobold brigand's attack!
The kobold brigand hits the wyvern with a +3 short sword.
The kobold hits you with a +0 dagger. The kobold hits you with a +0 club.
You hit the acid dragon. You bite the acid dragon. You drain its power.
You feel invigorated.
The acid dragon is almost dead.
The acid dragon is no longer blind.
The acid dragon closely misses you.
The acid dragon claws you but does no damage.
You redirect the kobold brigand's attack!
The kobold brigand barely misses itself.
The kobold barely misses you. The kobold hits you with a +0 club.
You hit the acid dragon.
You bite the acid dragon, but do no damage.
The acid dragon is almost dead.
You feel sick. The wyvern bites you!
The acid dragon is stunned by your conviction and fails to attack.
The kobold brigand hits you with a +3 short sword!
The kobold hits you but does no damage. The kobold closely misses you.
Okay, then.
You are confused.
Your system rejects the healing.
You feel invigorated.
You feel sick. The wyvern barely misses you.
The kobold hits you with a +0 club. The acid dragon spits acid at you.
The splash of acid hits you!
* * * LOW HITPOINT WARNING * * *
The kobold brigand hits you with a +3 short sword.
* * * LOW HITPOINT WARNING * * *
The kobold hits you with a +0 dagger.
* * * LOW HITPOINT WARNING * * *
You barely miss the acid dragon. Your punch misses the acid dragon.
You bite the acid dragon, but do no damage.
The acid dragon is almost dead.
You feel sick. The wyvern closely misses you. The wyvern bites you!
You die...

.. #.##...... ...
#.##.##### #..
#.##.##### #.#
#.##.#.... ###)#
#.##.##.## ...#
#.##.##.##
##.#######.##.##.#.
#KKl........#.##.#.
#Kh#...............
###.D#.########.##.#.
?................##.#.
....#.#.#######.......
#....#.#.# ##.....#...
#....#.#.####..#...####
#... #.#.#.............
#....#.#.....##..##..##
...####.####....###


You could see a wyvern, an acid dragon (catching breath), a kobold brigand and 2
kobolds.

Vanquished Creatures
  Grinder (D:3)
  Duvessa (D:7)
  3 water moccasins
  3 black bears
  A sky beast (D:6)
  2 centaurs
  An ogre (D:6)
  A phantom (D:6)
  2 kobold brigands (D:6)
  A gnoll sergeant (D:8)
  A scorpion (D:7)
  4 wights (D:7)
  Dowan (D:7)
  5 killer bees (D:8)
  A howler monkey (D:4)
  4 jellies
  2 orc priests
  6 hounds
  A gnoll bouda (D:4)
  4 iguanas
  3 sleepcaps
  2 orc wizards (D:4)
  12 gnolls
  8 adders
  2 shadow imps
  3 white imps
  An ufetubus (D:6)
  A dart slug (D:2)
  7 orcs
  3 ball pythons
  15 endoplasms
  7 giant cockroaches
  8 hobgoblins
  2 jackals (D:1)
  A quokka (D:1)
  5 bats
  A frilled lizard (D:1)
  5 goblins
  25 kobolds
  5 rats
161 creatures vanquished.

Vanquished Creatures (others)
  A kobold (D:8)
1 creature vanquished.

Grand Total: 162 creatures vanquished

Notes
Turn   | Place    | Note
-------+----------+-------------------------------------------
     0 | D:1      | Ethylacetat the Vine Stalker Monk began the quest for the
                  | Orb.
     0 | D:1      | Reached XP level 1. HP: 11/11 MP: 2/2
   330 | D:1      | Reached XP level 2. HP: 11/16 MP: 0/3
   514 | D:1      | Reached skill level 1 in Shapeshifting
   603 | D:1      | Found a faded altar of an unknown god.
   609 | D:1      | Reached XP level 3. HP: 18/19 MP: 5/5
   613 | D:1      | Prayed at the altar of an unknown god.
   613 | D:1      | Became a worshipper of Ru the Awakened
   665 | D:1      | Reached skill level 1 in Spellcasting
  1115 | D:2      | You fall into a shaft and drop 2 floors!
  1144 | D:4      | Gained mutation: Your natural rate of healing is unusually
                  | fast. [Vine Stalker growth]
  1144 | D:4      | Reached XP level 4. HP: 23/24 MP: 5/7
  1180 | D:4      | Found a shimmering altar of Xom.
  1202 | D:4      | Reached XP level 5. HP: 28/28 MP: 8/8
  1230 | D:4      | Noticed a black bear
  1501 | D:2      | Reached XP level 6. HP: 18/32 MP: 4/10
  1626 | D:2      | Found the +7 Kryia's mail coat {PotionHeal*2 rC+}
  2104 | D:3      | Noticed Grinder
  2108 | D:3      | Paralysed by Grinder for 4 turns
  2120 | D:3      | Killed Grinder
  2121 | D:3      | Reached XP level 7. HP: 23/37 MP: 10/12
  2215 | D:3      | Gained mutation: You cannot study or use magical devices.
                  | [Ru sacrifice]
  2215 | D:3      | Reached * piety under Ru
  2215 | D:3      | Reached ** piety under Ru
  2232 | D:3      | Found a snail-covered altar of Cheibriados.
  2275 | D:3      | Found a blossoming altar of Fedhas.
  2275 | D:3      | Found a hide-covered altar of Uskayaw.
  2631 | D:4      | Found Peolik's Self-Improvement Boutique.
  2940 | D:5      | Entered Level 5 of the Dungeon
  3174 | D:5      | Gained mutation: You have razor-sharp teeth. [Vine Stalker
                  | growth]
  3174 | D:5      | Reached XP level 8. HP: 40/42 MP: 12/14
  3301 | D:5      | Reached skill level 5 in Unarmed Combat
  3610 | D:5      | Learned a level 8 spell: Ignition
  3852 | D:6      | Reached skill level 5 in Shapeshifting
  3984 | D:6      | Reached skill level 5 in Fighting
  4088 | D:6      | Gained mutation: You are sensitive to extremes of
                  | temperature. (rF-, rC-) [Ru sacrifice]
  4088 | D:6      | Reached *** piety under Ru
  4088 | D:6      | Reached **** piety under Ru
  4308 | D:6      | Reached XP level 9. HP: 41/47 MP: 14/17
  4646 | D:7      | Reached skill level 5 in Spellcasting
  4688 | D:7      | Noticed Duvessa
  4689 | D:7      | Noticed Dowan
  4707 | D:7      | Killed Duvessa
  4724 | D:7      | Killed Dowan
  4809 | D:7      | Found a staircase to the Ecumenical Temple.
  4984 | D:7      | Found Kyiwkeq's Armour Boutique.
  5504 | D:8      | Slain by a wyvern

Illustrated notes

Levels and vault maps discovered:
D:1:      matt_arrival_diagonals, layout_basic, basic_ecumenical_altar
D:2:      cheibrodos_fertilizer, layout_basic
D:3:      layout_basic, mainiacjoe_overflow_tiny_flanked,
          gammafunk_temple_overflow_elements, nicolae_titane, uniq_grinder
D:4:      layout_cave_pools, xom_butterflies, nicolae_shop_self_help
D:5:      layout_basic, minivault_25, kennysheep_doodads
D:6:      layout_cave_pods
D:7:      layout_rooms, minmay_temple_entry_sparse_star, serial_shops,
          nicolae_shop_tiny_real_fake_doors, uniq_duvessa
D:8:      nzn_winding_woodlands_three_and_one
          [nzn_winding_woodlands_5x15_parted, nzn_winding_woodlands_5x15_garden,
          nzn_winding_woodlands_5x15_longhouse,
          nzn_winding_woodlands_center_lodge], layout_basic,
          palyth_stone_intersect

Skill      XL: |  1  2  3  4  5  6  7  8  9 |
---------------+----------------------------+-----
Shapeshifting  | 1 2 3 4 5 6 |  6.9
Spellcasting   | 1 2 3 4 5 |  5.8
Fighting       | 3 4 5 6 |  6.1
Unarmed Combat | 4 5 6 |  6.6
Dodging        | |  2.4

Action                     |  1- 3 |  4- 6 |  7- 9 || total
---------------------------+-------+-------+-------++-------
  Melee: Unarmed           |    86 |    93 |   294 ||   473
         Bite              |    24 |    34 |   103 ||   161
         Punch             |       |     4 |     7 ||    11
 Invoke: Reject Sacrifices |     1 |       |       ||     1
         Sacrifice Artific |       |       |     1 ||     1
         Sacrifice Resista |       |       |     1 ||     1
         Draw Out Power    |       |       |     1 ||     1
         Power Leap        |       |       |     1 ||     1
    Use: Potion            |       |       |     1 ||     1
   Stab: Invisible         |       |       |     4 ||     4
 Armour: Robe              |    15 |       |       ||    15
         Scale mail        |     8 |    40 |    92 ||   140
  Dodge: Dodged            |    52 |    49 |   216 ||   317
   Form: Beast             |     1 |       |       ||     1

Table legend: (Time is in decaauts)
 A = Elapsed time spent in this place.
 B = Non-inter-level travel time spent in this place.
 C = Inter-level travel time spent in this place.
 D = Time resting spent in this place.
 E = Time spent auto-exploring this place.
 F = Levels seen in this place.
 G = Mean time per level.
                   A        B        C        D        E       F      G
               +--------+--------+--------+--------+--------+-----+--------+
         Total |   5465 |   5258 |    207 |     11 |   4260 |   8 |  683.1 |
       Dungeon |   5465 |   5258 |    207 |     11 |   4260 |   8 |  683.1 |
               +--------+--------+--------+--------+--------+-----+--------+

Top non-repeatable levels by time:
     D:1: 981 daAuts
     D:2: 874 daAuts
     D:5: 862 daAuts
     D:6: 780 daAuts
     D:7: 599 daAuts
     D:4: 559 daAuts
     D:3: 504 daAuts
     D:8: 302 daAuts
